[Event "European Women-ch 2023"]
[Site "Petrovac"]
[Date "2023.03.25"]
[Round "7.1"]
[White "Socko, Monika"]
[Black "Kiolbasa, Oliwia"]
[Result "1/2-1/2"]
[Annotator "TA"]
[ECO "E05"]
[WhiteElo "2432"]
[BlackElo "2406"]
[PlyCount "146"]
[EventDate "2023.03.15"]
[EventType "swiss"]
[EventCountry "MNE"]
[SourceTitle "playchess.com"]
[Source "ChessBase"]
[SourceQuality "1"]
[TimeControl "40/5400+30:1800+30"]

1. d4 d5 2. c4 e6 3. Nf3 Nf6 4. g3 Be7 5. Bg2 O-O 6. O-O dxc4 7. Qc2 a6 8. a4 Bd7 9. Qxc4 Bc6 10. Bf4 h6 {[%emt 0:09:17] E05: Open Catalan: 5 Nf3 Be7.} 11. Rd1 Bd6 12. Qc1 {[%emt 0:01:30] [#]} Bxf4 $146 ({Predecessor:} 12... Nbd7 13. Nc3 Nd5 14. Bd2 N7f6 15. Ne1 Qe8 16. a5 Rd8 17. Nd3 Nxc3 18. Bxc3 Bxg2 19. Kxg2 {½-½ Duda,J (2731)-Giri,A (2764) Aimchess Rapid Prelim 2022 (1)}) 13. Qxf4 a5 14. Nc3 Bxf3 15. Bxf3 c6 16. e4 Qb6 17. Rd2 Na6 18. Rad1 Nb4 19. h4 Qd8 20. d5 exd5 21. exd5 Nfxd5 22. Nxd5 cxd5 23. Bxd5 Nxd5 24. Rxd5 Qe7 25. Rd7 Qe2 26. Qd2 Qc4 27. Rc1 (27. Qd4 $14 Qc6 28. b3) 27... Qxa4 $11 28. Qd5 Rae8 29. b3 Qe4 30. Qxa5 Qf3 31. Qc3 (31. Qd5 {simplifies} Qxd5 32. Rxd5 Re7 33. Kg2) 31... Qe4 32. Rcd1 Rc8 (32... b6 $11) 33. Qd3 (33. Qd4 $5 Qc2 34. Qd3 $14 (34. Rxb7 Rb8 $11)) 33... Qb4 34. Qf3 b6 35. Rb7 Rb8 36. Ra7 Rbc8 $1 37. Rb7 Rb8 38. Rbd7 Rbc8 $1 39. R7d4 (39. Kg2 {is more complex.} Qc3 40. R1d3 Qe1 41. Re3) 39... Qa3 40. Kg2 Rc1 41. Rxc1 Qxc1 $14 {[%emt 0:01:23][%mdl 4096] Endgame KQR-KQR} 42. Rc4 {[%emt 0:02:37] Wards off Qc7} Qe1 {[%emt 0:11:04] [#]} (42... Qd2 $14) 43. Qd5 (43. Qc6 $1 $16) 43... Re8 $11 44. Rc6 Qb4 45. Qf3 Qd4 46. Rc7 $36 {[%emt 0:01:13][%mdl 2048] White has good play.} Rf8 47. Rb7 Qc5 {[%emt 0:00:33] Prevents Qc6.} 48. Rd7 Qe5 (48... Qb4 $11) 49. Qc6 $14 Rb8 50. b4 Qf5 51. Rd4 b5 52. Rd7 (52. Qe4 $16 Qc8 53. Rd5) 52... Re8 $11 53. Rd4 Re7 (53... Rb8 $11) 54. Rd8+ ({White should try} 54. Qf3 $14 Qxf3+ 55. Kxf3) 54... Kh7 55. Rb8 (55. Qf3 {simplifies} Qxf3+ 56. Kxf3 Re5 57. Rd6) 55... Re5 56. Rb7 Rd5 57. Qc3 Rd3 58. Qc6 {[%emt 0:00:20] Prevents Qf3+. Active counter play!} Rd5 59. Qe8 (59. Qc3 $11) 59... Rd2 $15 60. Qe3 Rd1 (60... Rd3 $17 61. Qf4 Qd5+ 62. f3 Rd2+ 63. Kh3 Qxb7 64. Qxd2 Qxf3 65. Qc2+ g6) 61. Re7 $1 $11 {[%emt 0:00:38] The position is equal.} Qd5+ 62. Qe4+ Qxe4+ 63. Rxe4 {KR-KR} Rb1 64. Kf3 Kg6 65. g4 f5 66. Rd4 fxg4+ 67. Rxg4+ Kf6 68. Rf4+ Ke5 69. Re4+ Kd5 {[%emt 0:01:22] [#] White must now prevent ...Rb3+.} 70. Rg4 Rb3+ 71. Kg2 Ke5 72. f3 Kf5 73. Rd4 Ke5 {[%emt 0:00:14] Weighted Error Value: White=0.16 (very precise) /Black=0.12 (very precise)} 1/2-1/2

[Event "European Women-ch 2023"]
[Site "Petrovac"]
[Date "2023.03.25"]
[Round "7.1"]
[White "Fataliyeva, Ulviyya"]
[Black "Koljevic, Nikolina"]
[Result "1-0"]
[Annotator "TA"]
[ECO "A30"]
[WhiteElo "2427"]
[BlackElo "2042"]
[PlyCount "67"]
[EventDate "2023.03.15"]
[EventType "swiss"]
[EventCountry "MNE"]
[SourceTitle "playchess.com"]
[Source "ChessBase"]
[SourceQuality "1"]
[TimeControl "40/5400+30:1800+30"]

1. Nf3 Nf6 2. b3 e6 3. Bb2 Be7 4. g3 b6 5. Bg2 Bb7 6. O-O c5 7. c4 O-O 8. e3 d6 {[%emt 0:03:34] [#]} 9. Ne1 $146 {[%emt 0:00:37] A30: Symmetrical English: Double Fianchetto and Hedgehog.} (9. d4 $14) ({Predecessor:} 9. Qe2 Nbd7 10. Nc3 a6 11. Rfd1 Qc7 12. Rac1 Rac8 13. d3 Rfd8 14. h3 Qb8 15. g4 Qa8 16. e4 Nb8 17. Qe3 Nc6 18. d4 cxd4 19. Nxd4 Nd7 20. Nde2 {1-0 Iturrizaga Bonelli,E (2597)-Abdusattorov,N (2635) Wch Blitz Moscow 2019 (19)}) 9... Bxg2 $11 10. Nxg2 Nc6 11. f4 {[%emt 0:00:16] Black has an edge.} d5 12. Qe2 dxc4 13. bxc4 Nb4 {[%emt 0:00:07] White should prevent ...Nc2.} 14. d4 Ne4 15. Rd1 Qc8 16. a3 Na6 (16... Nc6 $5 ) 17. d5 f5 {[%emt 0:03:32] [#]} (17... exd5 $11 18. cxd5 c4) 18. Nc3 (18. Nd2 $1 $16) 18... Nxc3 (18... exd5 $11 19. cxd5 Nd6) 19. Bxc3 $16 {[%emt 0:00:05] Black is on the road to losing.} Rd8 (19... exd5 $142 20. cxd5 Bd6) 20. e4 {[%emt 0:01:01][%cal Be3e4,Be4f5][%mdl 32] And now exf5 would win. White has more active pieces. The black rooks are badly placed.} Bf8 (20... exd5 $16 {keeps fighting.} 21. Rxd5 Nc7) 21. exf5 $18 exd5 22. cxd5 {[%emt 0:00:35] f6 would be deadly.} c4 23. f6 {[%emt 0:00:58] Threatens to win with fxg7.} (23. Qe6+ Qxe6 24. dxe6 (24. fxe6 Bc5+ 25. Bd4 Rxd5 $11) 24... Nc7) 23... Re8 (23... Nc7 {is a better defense.}) 24. Qh5 {[%emt 0:00:38] aiming for f7+.} ({Weaker is} 24. f7+ Kxf7 25. Be5 (25. Qh5+ Kg8 $14) 25... b5 $16) 24... gxf6 25. Bxf6 Qc5+ 26. Bd4 {[%emt 0:02:25] Intending Qg5+ and mate. White is clearly winning.} ({But not} 26. Kh1 Bg7 $18) 26... Qd6 (26... Qe7 $142 27. Qg4+ Bg7) 27. Nh4 Rad8 28. Qg5+ Kf7 29. Nf3 Qg6 30. Ne5+ {[%emt 0:01:20][%mdl 64] [#] Deflection} Rxe5 31. Qxd8 Re2 32. Re1 Qe4 33. Qf6+ Kg8 34. Qe6+ $2 {[%emt 0:00:57] A superb game by Fataliyeva.   Weighted Error Value: White=0.31/Black=0.57} (34. Rxe2 Qxe2 35. d6) 1-0

[Event "European Women-ch 2023"]
[Site "Petrovac"]
[Date "2023.03.25"]
[Round "7.1"]
[White "Bivol, Alina"]
[Black "Chelushkina, Irina"]
[Result "1-0"]
[Annotator "TA"]
[ECO "B31"]
[WhiteElo "2365"]
[BlackElo "2207"]
[PlyCount "55"]
[EventDate "2023.03.15"]
[EventType "swiss"]
[EventCountry "MNE"]
[SourceTitle "playchess.com"]
[Source "ChessBase"]
[SourceQuality "1"]
[TimeControl "40/5400+30:1800+30"]

1. e4 c5 2. Nf3 Nc6 3. Bb5 g6 4. O-O Bg7 5. c3 e5 6. d4 cxd4 7. cxd4 exd4 8. Bf4 Nge7 9. Bd6 O-O 10. Nbd2 a6 {[%emt 0:02:08] 10...b6 is the fancy move.} 11. Bc4 b5 12. Bd5 {[%emt 0:00:34] B31: Sicilian: 2...Nc6 3 Bb5 g6.} Bb7 (12... Nxd5 $5 13. Bxf8 (13. exd5 Ne7 $14) 13... Ne3 14. fxe3 Qxf8 $11) 13. Nb3 (13. Re1 $14 {feels stronger.}) 13... Nxd5 $1 $11 14. Bxf8 {[%emt 0:01:20] The position is equal.} Qxf8 15. exd5 Nb4 16. a3 Nxd5 17. Na5 $1 {[%emt 0:00:58] [#]} Bc8 $146 ({Predecessor:} 17... Qb8 18. Qd2 Nb6 19. Nxb7 Qxb7 20. Nxd4 Nc4 21. Qc3 Rc8 22. Rad1 d5 23. Rfe1 a5 {1-0 Vignesh,N (2490)-Viers,E (2123) Noisiel op 8th 2023 (1)}) 18. Re1 Nf4 19. Nxd4 {[%emt 0:07:07] Hoping for Qf3.} Ne6 (19... d5 $142) 20. Qf3 {[%emt 0:07:16] White is more active.} Rb8 21. Nxe6 fxe6 22. Qg3 d6 $2 {[%emt 0:02:34] [#] Black cannot hold the game after this.} (22... Bb7 $16 {keeps fighting.}) 23. Rad1 $18 e5 24. Qd3 Rb6 25. Qd5+ Kh8 26. Rc1 Bd7 (26... Bf5 $142 27. Rc7 Qg8) 27. Rc7 Qe8 {[%emt 0:00:26] [#]} (27... Bf5 $142 28. Nc6 Qf6) 28. Rxd7 $1 {[%emt 0:00:57][%mdl 576] Deflection, Back Rank.   Weighted Error Value: White=0.10 (very precise) /Black=0.41} 1-0

[Event "European Women-ch 2023"]
[Site "Petrovac"]
[Date "2023.03.25"]
[Round "7.2"]
[White "Osmak, Yuliia"]
[Black "Narva, Mai"]
[Result "1-0"]
[Annotator "TA"]
[ECO "A70"]
[WhiteElo "2445"]
[BlackElo "2389"]
[PlyCount "89"]
[EventDate "2023.03.15"]
[EventType "swiss"]
[EventCountry "MNE"]
[SourceTitle "playchess.com"]
[Source "ChessBase"]
[SourceQuality "1"]
[TimeControl "40/5400+30:1800+30"]

1. d4 Nf6 2. c4 e6 3. Nf3 c5 4. d5 d6 5. Nc3 exd5 6. cxd5 g6 7. e4 Bg7 8. Be2 a6 9. a4 Bg4 10. Be3 Bxf3 11. Bxf3 Nbd7 12. O-O O-O 13. Be2 {[%emt 0:15:04] A70: Modern Benoni: 6 e4 g6 7 Nf3.} Re8 14. Qc2 {[%emt 0:00:16] [#]} b6 $146 (14... Qa5 $11) ({Predecessor:} 14... Qc7 15. Rfe1 c4 16. Rab1 Rab8 17. b3 b5 18. axb5 axb5 19. bxc4 bxc4 20. f3 Ne5 {1-0 Galperin,P (2518)-Assaubayeva,B (2439) Junior Speed Qual 3 blitz 2022 (1.11)}) 15. Rfe1 {[%emt 0:05:11] White is more active. White is better.} Qc7 16. b3 Re7 17. Rab1 h6 18. h3 Nh7 19. Bd3 Ne5 {[%emt 0:09:20] [#]} 20. Bf1 $1 c4 (20... Ree8 $16 {keeps fighting.}) 21. Rec1 $18 Rc8 22. Na2 b5 (22... Ree8 $16 23. bxc4 Nd7) 23. Nb4 (23. f4 $6 Nd3 $16) 23... Qa5 24. bxc4 {[%emt 0:00:48] Threatens to win with Qd1.} Qxa4 25. Qxa4 bxa4 26. c5 ({Don't do} 26. Nxa6 Nd7 27. c5 Nxc5 $18) 26... dxc5 27. Bxc5 Ree8 28. Bxa6 Ra8 29. Bb7 {[%emt 0:03:43] A strong pair of Bishops.} Rab8 30. Nc6 Nd3 31. Nxb8 Nxc1 32. Rxc1 Rxb8 33. Bc6 f5 (33... Ng5 $142 34. f3 (34. Bxa4 Nxe4 35. d6 Bb2 $16) 34... Bb2) 34. exf5 ({Much less strong is} 34. Bxa4 Nf8 35. Bd6 Ra8) 34... gxf5 35. Bxa4 Rd8 36. Bb6 {[%emt 0:00:53] White is clearly winning.} Rb8 37. Bc7 Rb4 38. Bd7 Nf8 39. Bxf5 Rd4 40. d6 Kf7 41. Re1 {[%emt 0:04:46] [#] Re7+ is the strong threat.} Bf6 {[%emt 0:01:29] Prevents Re7+} 42. Bg4 Rd5 43. Rd1 Rc5 44. Bb6 Rc6 45. Be3 {[%emt 0:00:23] Black got outplayed after the opening.   Weighted Error Value: White=0.06 (flawless) /Black=0.30} 1-0

[Event "European Women-ch 2023"]
[Site "Petrovac"]
[Date "2023.03.25"]
[Round "7.2"]
[White "Gaponenko, Inna"]
[Black "Jarocka, Liwia"]
[Result "1/2-1/2"]
[Annotator "TA"]
[ECO "B12"]
[WhiteElo "2349"]
[BlackElo "2181"]
[PlyCount "83"]
[EventDate "2023.03.15"]
[EventType "swiss"]
[EventCountry "MNE"]
[SourceTitle "playchess.com"]
[Source "ChessBase"]
[SourceQuality "1"]
[TimeControl "40/5400+30:1800+30"]

1. e4 c6 2. d4 d5 3. e5 Bf5 4. h4 h5 5. Bd3 Bxd3 6. Qxd3 e6 7. Nf3 Qa5+ {[%emt 0:00:58] B12: Caro-Kann: Advance Variation.} 8. Nbd2 Qa6 9. c4 Ne7 {[%emt 0:01:41] The position is equal.} 10. O-O Nd7 11. b3 Nf5 12. a4 Rc8 13. Qc2 {[%emt 0:14:36] [#] And now cxd5 would win.} b6 {[%emt 0:06:14] [#]} 14. Ba3 $146 ({Predecessor:} 14. Bb2 Be7 15. g3 O-O 16. Rfe1 Rfe8 17. a5 Qb7 18. a6 Qa8 19. cxd5 cxd5 20. Qd3 {1-0 Ponkratov,P (2613)-Saric,I (2669) EU-ch rapid Katowice 2017 (11)}) 14... Bxa3 15. Rxa3 O-O 16. b4 g6 17. c5 bxc5 18. bxc5 Rb8 19. Rb1 Rxb1+ 20. Qxb1 Rb8 21. Rb3 Rxb3 22. Qxb3 Qc8 23. Nf1 Qb8 24. Qxb8+ Nxb8 $14 {[%emt 0:00:04][%mdl 4096] Endgame KNN-KNN} 25. Ne3 Kf8 26. Nxf5 exf5 $16 {[%emt 0:00:05] KN-KN} 27. Kf1 Ke7 28. Ke2 Na6 29. Kd3 (29. Ke3 $14) 29... Nc7 $11 30. g3 Ne6 31. Ke3 Kd7 32. Nd2 Kc7 33. f4 Kb7 34. Kd3 Kc7 35. Kc3 Kb7 36. Nf3 Kc8 37. Kb4 Kc7 38. Kc3 Kc8 39. Ne1 Kc7 40. Nc2 Kc8 41. Ne1 Kc7 42. Nf3 {[%emt 0:03:14] Weighted Error Value: White=0.10 (very precise) /Black=0.07 (flawless)} 1/2-1/2

[Event "European Women-ch 2023"]
[Site "Petrovac"]
[Date "2023.03.25"]
[Round "7.2"]
[White "Vidic, Teja"]
[Black "Zhapova, Yana"]
[Result "1/2-1/2"]
[Annotator "TA"]
[ECO "C45"]
[WhiteElo "2097"]
[BlackElo "2269"]
[PlyCount "32"]
[EventDate "2023.03.15"]
[EventType "swiss"]
[EventCountry "MNE"]
[SourceTitle "playchess.com"]
[Source "ChessBase"]
[SourceQuality "1"]
[TimeControl "40/5400+30:1800+30"]

1. e4 e5 2. Nf3 Nc6 3. d4 exd4 4. Nxd4 Nf6 5. Nxc6 bxc6 6. Bd3 d5 7. exd5 cxd5 8. O-O Be7 9. c4 O-O $1 {[%emt 0:02:59] 9...0-0 is better than 9...d4.} 10. Nc3 {[%emt 0:00:08] C45: Scotch Game.} Be6 (10... d4 $5 11. Ne4 Ng4 $11) 11. Qe2 c6 12. Bg5 {[%emt 0:04:12] The position is equal.} h6 13. Bh4 Re8 {[%emt 0:05:29] [#]} 14. h3 $146 ({Predecessor:} 14. Rad1 Bg4 15. Qc2 Bxd1 16. Nxd1 Ne4 17. Bxe7 Qxe7 18. Qc1 dxc4 19. Bxc4 Rad8 20. Ne3 {0-1 Bouzo Alvarez,J (2286)-Munoz Moreno,F (2291) Malaga City-ch 2003 (4.1)}) 14... dxc4 15. Bxc4 Qd4 16. Bxe6 {[%emt 0:02:16] [#] Threatens to win with Qc4.} Qxh4 {[%emt 0:00:35] Weighted Error Value: White=0.07 (flawless) /Black=0.08 (flawless)} 1/2-1/2

[Event "European Women-ch 2023"]
[Site "Petrovac"]
[Date "2023.03.25"]
[Round "7.3"]
[White "Mammadzada, Gunay"]
[Black "Hrebenshchykova, Yelyzaveta"]
[Result "1/2-1/2"]
[Annotator "TA"]
[ECO "C07"]
[WhiteElo "2472"]
[BlackElo "2289"]
[PlyCount "66"]
[EventDate "2023.03.15"]
[EventType "swiss"]
[EventCountry "MNE"]
[SourceTitle "playchess.com"]
[Source "ChessBase"]
[SourceQuality "1"]
[TimeControl "40/5400+30:1800+30"]

1. e4 e6 2. d4 d5 3. Nd2 c5 4. exd5 Qxd5 5. Ngf3 cxd4 6. Bc4 Qd6 7. O-O Nf6 8. Nb3 Nc6 9. Nbxd4 Nxd4 10. Nxd4 a6 11. Re1 Qc7 12. Qe2 Bd6 {[%emt 0:08:07] C07: French Tarrasch: 3...c5, 4 Ngf3 and 4 exd5 Qxd5.} 13. h3 O-O 14. Bg5 Ne4 {[%emt 0:03:22][%mdl 64] Deflection} 15. Bh4 (15. Qxe4 $14 {is superior.} Qxc4 16. Rad1) 15... Nc5 $11 {[%emt 0:07:46] [#]} 16. Qf3 $146 ({Predecessor:} 16. b4 Na4 17. Bd3 Bxb4 18. Qh5 g6 19. Qh6 Re8 20. Bf6 Bf8 21. Qh4 Bd7 22. Nf3 {1-0 Soraas,T (2266)-Bruaset,E (2074) Helsingor Xtracon op 2019 (10)}) 16... Bd7 (16... b5 $5 17. Bxb5 (17. Qxa8 Bb7 $17) 17... Rb8 $15) 17. b4 Na4 18. Bd3 b5 (18... Rfe8 $15) 19. Re3 Rae8 (19... Rfc8 {is interesting.} 20. Rf1 a5 21. bxa5 Nc5) 20. Rae1 Nb2 $2 {[%emt 0:01:18] [#]} (20... g6 $15 {keeps the upper hand.} 21. Bf6 Bxb4) 21. Bxh7+ $1 $18 {[%emt 0:02:31][%mdl 576] Decoy} Kxh7 22. Qh5+ $1 Kg8 {[%emt 0:00:06] [#] And now ...g6 would win.} 23. Bf6 $1 {[%emt 0:00:08][%mdl 512] Intending Qg5 and mate.} gxf6 (23... Bh2+ 24. Kh1) 24. Re4 $2 (24. Qg4+ $18 Kh8 25. Qh5+ Kg8 26. Qg4+ Kh8 27. Qh5+ Kg8) 24... Bf4 $2 {[%emt 0:01:15][%mdl 8192] [#]} (24... Bxb4 $2 25. Rg4#) (24... e5 $2 25. Rh4 exd4 26. Qh8#) (24... Bh2+ $11 25. Kh1 Bf4) 25. R1e3 $1 f5 $11 {[%emt 0:03:50] The position is equal.} 26. Rxf4 $40 {[%emt 0:03:16][%mdl 192] Remove Defender. White has some attack.} Qxf4 27. Ne2 Qxe3 28. fxe3 e5 29. Qg5+ Kh7 30. Qh5+ Kg7 {[%emt 0:00:10] ...Rg8 is the strong threat.} 31. Qg5+ Kh7 {[%emt 0:00:04] White must now prevent ...Rg8.} 32. Qh5+ Kg7 {[%emt 0:00:05] Threatens to win with ...Rg8.} 33. Qg5+ Kh7 {[%emt 0:00:05] A fantastic game!   Weighted Error Value: White=0.48/Black=0.49} 1/2-1/2

[Event "European Women-ch 2023"]
[Site "Petrovac"]
[Date "2023.03.25"]
[Round "7.3"]
[White "Guichard, Pauline"]
[Black "Khotenashvili, Bela"]
[Result "1/2-1/2"]
[Annotator "TA"]
[ECO "A43"]
[WhiteElo "2379"]
[BlackElo "2491"]
[PlyCount "62"]
[EventDate "2023.03.15"]
[EventType "swiss"]
[EventCountry "MNE"]
[SourceTitle "playchess.com"]
[Source "ChessBase"]
[SourceQuality "1"]
[TimeControl "40/5400+30:1800+30"]

1. d4 g6 2. c4 Bg7 3. Nc3 c5 4. d5 d6 5. e4 Bxc3+ 6. bxc3 e5 {[%emt 0:00:03] A43: Schmid Benoni.} 7. f4 (7. Bd3 $16) 7... exf4 $14 8. Bxf4 Qh4+ $1 {[%emt 0:00:19] White has an edge.} 9. Bg3 Qe7 (9... Qxe4+ 10. Kd2 $16) 10. Nf3 {[%emt 0:05:41] And now Be2 would win.} Nd7 (10... Nf6 $5 ) 11. Bd3 {[%emt 0:07:18] [#] Black must now prevent 0-0.} (11. Be2 $5 ) 11... Ngf6 $146 (11... Nh6 $1 $11) ({Predecessor:} 11... Nh6 12. e5 Nxe5 13. Nxe5 dxe5 14. O-O O-O 15. Qd2 Nf5 16. Bxf5 Bxf5 17. Rf2 f6 {0-1 Duda,J (2731)-Carlsen,M (2859) Meltwater Tour Final rapid 2022 (7.2)}) 12. O-O (12. Bh4 $16) 12... Ng4 $1 13. Qd2 {[%emt 0:14:03] Dodges Ne3} Nge5 14. Nxe5 Nxe5 15. Bxe5 (15. Rf2 $5 ) 15... Qxe5 16. Qh6 Bd7 17. Rab1 b6 (17... Qxc3 $5 18. Rf3 O-O-O $11) 18. Rf3 O-O-O 19. Rxf7 Qxc3 {[%emt 0:00:14] The position is equal.} 20. Rd1 (20. Rxh7 $2 Qxd3 21. Re1 Qd4+ 22. Kh1 Rxh7 23. Qxh7 Rh8 $19) 20... Qd4+ 21. Kh1 Rde8 (21... Bg4 $2 22. Be2 Qxe4 23. Qg7 $18) 22. h3 (22. Rxh7 Qe5 23. g3 (23. Qxg6 $2 Rxh7 24. Qxh7 Rh8 $19) 23... Rxh7 24. Qxh7 Qf6 $15) 22... Qe5 23. Rdf1 (23. Rxh7 $2 {loses.} Rxh7 24. Qxh7 Rh8 $19) 23... Re7 24. R7f2 Rhe8 25. Rf3 Kc7 26. Rf7 Rxf7 27. Rxf7 Re7 28. Qxh7 ({Don't play} 28. Rxh7 Rxh7 29. Qxh7 Qc3 $15) 28... Qa1+ 29. Kh2 Qe5+ 30. Kh1 Qa1+ 31. Kh2 Qe5+ {[%emt 0:01:35] Weighted Error Value: White=0.14 (very precise) /Black=0.10 (very precise)} 1/2-1/2

[Event "European Women-ch 2023"]
[Site "Petrovac"]
[Date "2023.03.25"]
[Round "7.3"]
[White "Hapala, Elisabeth"]
[Black "Calzetta Ruiz, Monica"]
[Result "0-1"]
[Annotator "TA"]
[ECO "B29"]
[WhiteElo "2072"]
[BlackElo "2185"]
[PlyCount "60"]
[EventDate "2023.03.15"]
[EventType "swiss"]
[EventCountry "MNE"]
[SourceTitle "playchess.com"]
[Source "ChessBase"]
[SourceQuality "1"]
[TimeControl "40/5400+30:1800+30"]

1. e4 c5 2. Nf3 Nf6 3. e5 Nd5 4. Nc3 e6 5. Ne4 Nc6 6. c4 {[%emt 0:00:28] Threatens to win with d4.} f5 $1 {[%emt 0:00:00][%mdl 4] is more profitable than 6...Nb6 at the moment. B29: Sicilian: 2 Nf3 Nf6 (Nimzowitsch Variation).} 7. cxd5 {[%emt 0:14:42] Nc3 would be deadly.} fxe4 8. dxc6 {[%emt 0:00:06] And now Ng1 would win.} exf3 {[%emt 0:00:00] White is slightly better.} 9. Qxf3 dxc6 10. Bd3 Qd5 {[%emt 0:00:32] [#]} 11. Qg3 $146 ({Predecessor:} 11. Qh5+ Kd8 12. Qe2 Qxg2 13. Be4 Qh3 14. d4 cxd4 15. Bg5+ Kc7 16. O-O-O h6 17. Bd2 {0-1 Wagner,D (2581)-Nadimifar,A (2210) Titled Tuesday intern op 13th Apr blitz 2021 (3)}) 11... Bd7 {[%emt 0:47:46] [#]} ({Black should play} 11... c4 $11 12. Bxh7 {[%mdl 64] Remove Defender, Decoy} Rxh7 13. Qg6+ Kd7 14. Qxh7 Qxg2) 12. Bxh7 $1 {[%emt 0:28:45][%mdl 64] Remove Defender, Decoy} O-O-O 13. Bg6 c4 14. O-O Bc5 (14... Be8 $11) 15. d3 $16 cxd3 16. Bxd3 (16. Rd1 $16) 16... Bd4 $1 $11 17. Bf4 (17. Qxg7 $2 Rdg8 18. Bh6 Rxg7 19. Bxg7 Rg8 $19) 17... g5 $1 {[%emt 0:02:20][%mdl 64] Deflection} 18. Bxg5 {[%emt 0:00:07] Hoping for Rae1.} (18. Qxg5 $2 Rdg8 19. Bg6 Be8 $19) 18... Bxe5 19. f4 Bd4+ {[%emt 0:01:01][%mdl 1024] Black has compensation.} 20. Kh1 Rdg8 {[%emt 0:03:14][%cal Oe6e5] aiming for ...e5!} 21. Qf3 Qd6 (21... Qxf3 $1 $11 {remains equal.} 22. Rxf3 Bxb2) 22. g3 $2 {[%emt 0:02:10] [#]} (22. h3 $16 {is necessary to keep the advantage.}) 22... e5 $1 $17 {[%emt 0:00:56] ...exf4 is the strong threat.} 23. Rad1 $2 {[%emt 0:01:43] This costs White the game.} (23. h4 $17 exf4 24. Bxf4) 23... exf4 $19 {[%emt 0:03:26][%mdl 64] Remove Defender. Black is clearly winning.} 24. Qxf4 (24. Bxf4 {is a self mate.} Rxh2+ 25. Kxh2 Rh8+) 24... Be5 25. Bf5 Bxf4 26. Bxd7+ Qxd7 ({Worse is} 26... Kxd7 27. Bxf4 $15) 27. Rxd7 Bxg3 ({And not} 27... Kxd7 28. Bxf4 Rh3 29. Kg2 $15) (27... Bxg5 28. Rff7 $17) 28. Rff7 Rxh2+ 29. Kg1 Rxg5 30. Kf1 Rf5+ {[%emt 0:02:12] Artfully played by Calzetta Ruiz.   Weighted Error Value: White=0.76/Black=0.15 (very precise)} 0-1

[Event "European Women-ch 2023"]
[Site "Petrovac"]
[Date "2023.03.25"]
[Round "7.4"]
[White "Bulmaga, Irina"]
[Black "Mkrtchian, Lilit"]
[Result "1/2-1/2"]
[Annotator "TA"]
[ECO "B12"]
[WhiteElo "2438"]
[BlackElo "2379"]
[PlyCount "75"]
[EventDate "2023.03.15"]
[EventType "swiss"]
[EventCountry "MNE"]
[SourceTitle "playchess.com"]
[Source "ChessBase"]
[SourceQuality "1"]
[TimeControl "40/5400+30:1800+30"]

1. e4 c6 2. d4 d5 3. e5 Bf5 4. Nf3 e6 5. Be2 Ne7 6. O-O Bg6 7. Nbd2 c5 {[%emt 0:00:35] B12: Caro-Kann: Advance Variation.} 8. c4 cxd4 9. Nxd4 Nec6 10. N2f3 {[%emt 0:04:06] Hoping for cxd5.} dxc4 11. Bxc4 Be7 12. Be3 O-O 13. Rc1 Bh5 14. Qc2 Nb4 {[%emt 0:09:24] Wards off Bd3} 15. Qe4 N8c6 {[%emt 0:02:13] [#]} 16. a3 $146 ({Predecessor:} 16. h4 Nxd4 17. Nxd4 Nd5 18. Nf5 Nxe3 19. Nxe3 Qb6 20. b3 Rad8 21. Nc2 Rd2 22. Qf4 {0-1 Hoolt,S (2405)-Girya,O (2484) Wch Blitz (Women) 2017 (5)}) 16... Bg6 17. Qg4 Nxd4 18. Bxd4 Nc6 {[%emt 0:06:27] [#] White must now prevent ...Bf5.} 19. Bc3 Rc8 20. h4 Rc7 (20... h5 $5 21. Qg3 Bf5 $11) 21. h5 Bf5 22. Qf4 {[%emt 0:01:07] [#] Rfd1 is the strong threat.} h6 23. Rcd1 Rd7 24. Rxd7 Qxd7 25. g4 Bh7 26. Kh1 Rc8 27. Bb3 Qd3 28. Rd1 {[%emt 0:02:40] The position is equal.} Qe4 (28... Qb5 {feels hotter.} 29. Ba4 Qc5 30. Kg2 Rd8) 29. Qxe4 Bxe4 30. Kg2 Rd8 31. Rxd8+ Bxd8 32. Kg3 b5 33. Nd2 Bd3 34. Bd1 Bb6 35. Nb3 Bc4 36. Nd2 Bd3 37. Nb3 Bc4 38. Nd2 {[%emt 0:00:55] Weighted Error Value: White=0.06 (flawless) /Black=0.04 (flawless)} 1/2-1/2